 Dungeon Crawl Stone Soup version 0.20-a0-1039-gf554463 (webtiles) character file.

22004 Fuzzwah the Cleaver (level 12, -2/107 HPs)
             Began as a Minotaur Berserker on Apr 17, 2017.
             Was a High Priest of Trog.
             Slain by a vault guard
             ... wielding a +0 long sword
              (4 damage)
             ... on level 13 of the Dungeon on Apr 22, 2017.
             The game lasted 00:51:20 (12470 turns).

Fuzzwah the Cleaver (Minotaur Berserker)           Turns: 12470, Time: 00:51:20

Health: -2/107     AC: 18    Str: 23    XL:     12   Next: 59%
Magic:  13/13      EV: 16    Int:  4    God:    Trog [*****.]
Gold:   925        SH:  0    Dex: 14    Spells: 11/11 levels left

rFire    + + +     SeeInvis .   J - +7 great mace "Firestarter" {inner flame, rF++}
rCold    . . .     Gourm    .   (shield currently unavailable)
rNeg     . . .     Faith    .   i - +0 chain mail
rPois    .         Spirit   .   (helmet restricted)
rElec    .         Reflect  .   v - +0 cloak
rCorr    .         Harm     .   (no gloves)
MR       .....                  q - +2 pair of boots
Stlth    ..........             R - amulet of rage {+Rage, !d}
Regen    0.3/turn               K - ring of protection from fire {rF+, !d}
MPRegen  0.2/turn               C - +2 ring of evasion

@: exhausted, slowed, very slow
A: retaliatory headbutt, horns 2
a: Berserk, Trog's Hand, Brothers in Arms, Burn Spellbooks, Renounce Religion,
Evoke Berserk Rage


You were on level 13 of the Dungeon.
You worshipped Trog.
Trog was extremely pleased with you.
You were very hungry.

You visited 1 branch of the dungeon, and saw 13 of its levels.
You also visited: Ossuary.

You collected 995 gold pieces.
You spent 70 gold pieces at shops.

Inventory:

Hand Weapons
 j - a +4 longbow of velocity
   (Trog gifted it to you on level 10 of the Dungeon)
 J - the +7 great mace "Firestarter" (weapon) {inner flame, rF++}
   (You found it on level 10 of the Dungeon)

   It has been specially enchanted to burn those struck by it, causing extra
   injury to most foes and up to half again as much damage against particularly
   susceptible opponents.
   It greatly protects you from fire.
 M - a +3 antimagic executioner's axe
   (Trog gifted it to you on level 12 of the Dungeon)
 T - a +3 battleaxe
   (You took it off a wight on level 9 of the Dungeon)
Missiles
 u - 2 throwing nets {=f, !d}
Armour
 i - a +0 chain mail (worn)
   (You found it on level 1 of the Dungeon)
 q - a +2 pair of boots (worn)
   (You found it on level 3 of the Dungeon)
 v - a +0 cloak (worn)
   (You found it on level 4 of the Dungeon)
 A - a +0 ring mail of cold resistance
   (You found it on level 6 of the Dungeon)
Jewellery
 C - a +2 ring of evasion (right hand)
   (You found it on level 7 of the Dungeon)
 G - an uncursed ring of see invisible {sInv, !d}
   (You found it in an ossuary)
 K - a ring of protection from fire (left hand) {rF+, !d}
   (You found it on level 7 of the Dungeon)
 R - an amulet of rage (around neck) {+Rage, !d}
   (You found it on level 9 of the Dungeon)
 W - an uncursed ring of poison resistance {rPois, !d}
   (You found it on level 12 of the Dungeon)
Wands
 l - a wand of clouds (5/9)
   (You found it on level 11 of the Dungeon)
 m - a wand of flame (36/48)
   (You took it off Natasha on level 2 of the Dungeon)
 n - a wand of iceblast (6/15)
   (You found it on level 6 of the Dungeon)
 r - a wand of digging (18/24)
   (You found it on level 3 of the Dungeon)
 I - a wand of disintegration (15/24)
   (You found it on level 7 of the Dungeon)
 N - a wand of paralysis (7/24)
   (You found it on level 8 of the Dungeon)
 Q - a wand of paralysis (13/24)
   (You took it off Joseph on level 9 of the Dungeon)
 U - a wand of iceblast (4/15)
   (You found it on level 12 of the Dungeon)
 V - a wand of flame (27/48)
   (You found it on level 12 of the Dungeon)
Scrolls
 e - 3 scrolls of fear
 s - 4 scrolls of teleportation
 t - 6 scrolls of remove curse
 w - a scroll of enchant weapon
 y - a scroll of magic mapping {!r}
 z - a scroll of immolation {!r}
 B - 2 scrolls of blinking {!r}
 O - a scroll of fog
 S - a scroll of vulnerability {!r!r}
Potions
 a - a potion of invisibility {unknown}
 b - a potion of cancellation {unknown}
 d - 6 potions of lignification {!q}
 f - 5 potions of curing
 g - 3 potions of flight
 h - 2 potions of resistance {unknown}
 k - a potion of heal wounds
 o - 3 potions of ambrosia {unknown}
 x - 3 potions of haste
 D - 4 potions of might
 E - 3 potions of agility
 F - a potion of brilliance
 P - a potion of mutation {!q}
Miscellaneous
 p - a lamp of fire
   (You found it on level 10 of the Dungeon)
 L - a lamp of fire
   (You found it on level 10 of the Dungeon)
Comestibles
 c - 7 bread rations {@e1}
 H - 3 meat rations {@e2}
 X - a chunk of flesh {@w0}


   Skills:
 + Level 10.5 Fighting
 * Level 13.7(14.2) Axes
 * Level 6.2(11.0) Maces & Flails
 + Level 13.5 Armour
 + Level 9.9 Dodging
 + Level 3.2 Evocations


You had 11 spell levels left.
You didn't know any spells.

Dungeon Overview and Level Annotations

Branches:
Dungeon (13/15)            Temple (0/1) D:7            Lair (0/6) D:9
    Orc (0/2) D:10
 Vaults: D:13-14

Altars:
Ashenzari
Cheibriados
Fedhas
Gozag
Kikubaaqudgha
Makhleb
Nemelex Xobeh
Okawaru
Ru
Sif Muna
Trog
Uskayaw
Wu Jian
Yredelemnul
The Shining One

Shops:
D:6 *   D:7 (   D:8 *

Portals:
Trove: D:10 (give 20 scrolls of identify)


Innate Abilities, Weirdness & Mutations

You reflexively headbutt those who attack you in melee.
You have a pair of horns on your head.


Message History

You start resting.
You hear the faint creaking of a very distant portcullis.
You start resting.
You feel less exhausted.
Some of the chunks of flesh in your inventory have rotted away.
You regained 3 hp, and now have 37/107 hp.
You start resting.
Some of the chunks of flesh in your inventory have rotted away.
A hungry ghost comes into view.
You regained 6 hp, and now have 43/107 hp.
You are too injured to fight recklessly!
The hungry ghost barely misses you. You furiously retaliate!
You headbutt the hungry ghost.
Your chain mail prevents you from hitting the hungry ghost.
Your headbutt misses the hungry ghost. The hungry ghost hits you.
You feel a lot more hungry. The hungry ghost misses you.
You furiously retaliate!
You headbutt the hungry ghost! You miss the hungry ghost.
The hungry ghost hits you.
You are feeling hungry.
You bludgeon the hungry ghost!! You burn the hungry ghost.
The hungry ghost is filled with an inner flame.
Your headbutt misses the hungry ghost. The hungry ghost closely misses you.
You furiously retaliate!
You headbutt the hungry ghost!
The hungry ghost explodes!
The fiery explosion engulfs you! You resist. Trog accepts your kill.
You take 6 damage, and have 38/107 hp.
You start resting.
Eating one of 2 chunks of flesh {@w0}.
You eat one of the 2 chunks of flesh {@w0}.
You hear the creaking of a very distant portcullis.
You regained 3 hp, and now have 41/107 hp.
You start resting.
You hear the creaking of a very distant portcullis.
You regained 14 hp, and now have 55/107 hp.
There is an open door here.
A centaur warrior comes into view.
The centaur warrior shouts!
The centaur warrior wields a shortbow.
The centaur warrior shoots an arrow.
The arrow barely misses you.
You regained 2 hp, and now have 57/107 hp.
You are too injured to fight recklessly!
The centaur warrior unwields an uncursed shortbow.
The centaur warrior misses you.
You sock the centaur warrior! You burn the centaur warrior.
The centaur warrior is filled with an inner flame.
The centaur warrior hits you but does no damage.
You bludgeon the centaur warrior!! You burn the centaur warrior!
The centaur warrior closely misses you. You furiously retaliate!
You headbutt the centaur warrior.
The centaur warrior explodes!
The fiery explosion engulfs you! You resist. Trog accepts your kill.
You hear a shout! x4
Things that are here:
an uncursed shortbow; 10 arrows You now have 925 gold pieces (gained 11). 2 vault guards come into view.
A vault guard is wielding a vampiric glaive.
The vault guard shouts! x2
You regained 2 hp, and now have 61/107 hp.
A vault guard comes into view. It is wielding an enchanted broad axe.
The vault guard shouts!
A vault guard comes into view. It is wielding a battleaxe.
The vault guard shouts!
A vault guard comes into view. It is wielding a battleaxe.
A red film seems to cover your vision as you go berserk!
You feel yourself moving faster!
You feel mighty!
You are feeling very hungry.
The vault guard hits you from afar with a vampiric glaive!!
You now have 75/160 hp.
You bludgeon the vault guard!! You burn the vault guard.
The vault guard is filled with an inner flame.
Your headbutt misses the vault guard.
The vault guard hits you with a long sword!
You take 11 damage, and have 64/160 hp.
You sock the vault guard! You burn the vault guard.
The vault guard hits you from afar with a vampiric glaive!!
* * * LOW HITPOINT WARNING * * *
You take 20 damage, and have 44/160 hp.
You feel a strong urge to attack something.
You are no longer berserk.
You are exhausted.
You feel yourself slow down.
The vault guard's inner flame fades away.
You now have 30/107 hp.
You feel much better.
You regained 22 hp, and now have 52/107 hp.
The vault guard blocks your attack.
Your headbutt misses the vault guard.
The vault guard hits you but does no damage.
The vault guard hits you with an enchanted broad axe!
The vault guard hits you from afar with a vampiric glaive!
The vault guard hits you but does no damage.
You take 18 damage, and have 34/107 hp.
You hit the vault guard but do no damage.
The vault guard hits you with an enchanted broad axe!!
* * * LOW HITPOINT WARNING * * *
The vault guard hits you from afar with a vampiric glaive!
* * * LOW HITPOINT WARNING * * *
The vault guard hits you with a long sword.
You die...

#....#
#..#+######..#
#............#
.............#
###.#####.....#
#.(..?..#.....#
#.......#.....####
#.......#..).†...#
#......'........#
#.@p...#....#####
#pp.)###....#
#.pp........#
#...........#
###'#.......#
....%.%....#
#...........##
.'....##.###.#
..'....# .# .#


You could see 5 vault guards.

Vanquished Creatures
  A fire dragon (D:10)
  The ghost of wearedevo the Fighter, a journeyman DsFi of Qazlal (D:9)
  Erolcha (D:9)
  2 centaur warriors
  Erica (D:8)
  A death knight (D:12)
  A two-headed ogre (D:9)
  3 death yaks (D:9)
  The ghost of DoctorBileduct the Slinger, a novice HaHu of Okawaru (D:8)
  A deep elf mage (D:10)
  A cyclops (D:11)
  Joseph (D:9)
  Maurice (D:9)
  The ghost of Magifyre the Skirmisher, a novice GrFi (D:5)
  3 trolls
  4 hippogriffs
  14 slime creatures
  A centaur simulacrum (D:12)
  7 fire bats (D:10)
  A wraith (D:11)
  A steam dragon (D:8)
  2 basilisks (D:12)
  2 hungry ghosts
  Grum (D:9)
  A soldier ant (D:13)
  A water moccasin (D:8)
  A black bear (D:10)
  2 orc warriors
  2 sky beasts
  2 eyes of draining
  A phantom (D:7)
  A necrophage (D:11)
  3 centaurs
  6 ogres
  3 wolves (D:9)
  A crocodile (D:10)
  A big kobold (D:10)
  3 bullfrogs
  3 wyvern zombies
  10 scorpions
  A wyvern skeleton (D:9)
  11 killer bees
  11 wights
  6 howler monkeys
  6 crimson imps
  A quasit (D:7)
  4 centaur zombies
  A human zombie (Ossuary)
  2 bullfrog zombies
  A centaur skeleton (D:4)
  A jelly (D:7)
  Crazy Yiuf (D:4)
  2 bullfrog skeletons (D:6)
  4 orc priests
  3 hounds
  9 worker ants
  Natasha (thrice) (D:2)
  4 iguanas
  A hell rat (D:9)
  12 orc wizards
  A hound zombie (D:6)
  A hound skeleton (D:10)
  3 mummies (Ossuary)
  3 gnolls (D:6)
  3 scorpion zombies (Ossuary)
  14 adders
  A river rat (D:9)
  2 shadow imps
  2 oozes
  3 adder skeletons
  3 worms
  4 leopard geckos
  31 orcs
  A ball python (D:2)
  7 giant cockroaches
  11 goblins
  11 hobgoblins
  6 jackals
  9 kobolds
  10 quokkas
  8 bats
  3 frilled lizards (D:3)
  2 goblin zombies (Ossuary)
  2 hobgoblin zombies (Ossuary)
  A jackal skeleton (D:8)
  2 kobold zombies (Ossuary)
  2 orc zombies (Ossuary)
  7 rats
  A bush (D:8)
  9 fungi (D:10)
341 creatures vanquished.

Vanquished Creatures (others)
  A scorpion (Ossuary)
  A fungus (D:10)
2 creatures vanquished.

Grand Total: 343 creatures vanquished

Notes
Turn   | Place    | Note
-------+----------+-------------------------------------------
     0 | D:1      | Fuzzwah the Minotaur Berserker began the quest for the Orb.
     0 | D:1      | Reached XP level 1. HP: 19/19 MP: 0/0
    41 | D:1      | Reached XP level 2. HP: 14/27 MP: 1/1
   255 | D:1      | Reached skill level 3 in Armour
   491 | D:1      | Reached XP level 3. HP: 33/33 MP: 2/2
   778 | D:2      | Noticed Natasha
   784 | D:2      | Killed Natasha
   784 | D:2      | Reached skill level 4 in Axes
   806 | D:2      | Reached ** piety under Trog
   806 | D:2      | Reached skill level 3 in Dodging
   806 | D:2      | Reached XP level 4. HP: 36/40 MP: 3/3
   825 | D:2      | Noticed Natasha
   838 | D:2      | Killed Natasha
   838 | D:2      | Reached skill level 4 in Fighting
   865 | D:2      | Reached skill level 4 in Armour
  1259 | D:2      | Noticed Natasha
  1268 | D:2      | Killed Natasha
  1314 | D:2      | Reached XP level 5. HP: 45/46 MP: 4/4
  1344 | D:2      | Found a blossoming altar of Fedhas.
  2381 | D:3      | Reached skill level 5 in Axes
  2575 | D:4      | Reached skill level 5 in Armour
  2575 | D:4      | Reached XP level 6. HP: 53/53 MP: 5/5
  2669 | D:4      | Reached skill level 6 in Axes
  2669 | D:4      | Reached skill level 4 in Dodging
  2750 | D:4      | Found a shattered altar of Ashenzari.
  2772 | D:4      | Reached *** piety under Trog
  3054 | D:4      | Reached XP level 7. HP: 60/60 MP: 6/6
  3242 | D:4      | Found a runed door.
  3246 | D:4      | Noticed Crazy Yiuf
  3252 | D:4      | Killed Crazy Yiuf
  3254 | D:4      | Upgraded the game from 0.20-a0-1017-gc3250ce to 0.20-a0-1024-ge4c44be
  3282 | D:5      | Entered Level 5 of the Dungeon
  3431 | D:5      | Reached skill level 5 in Fighting
  3497 | D:5      | Noticed Magifyre's ghost (novice GrFi)
  3517 | D:5      | Killed Magifyre's ghost
  3517 | D:5      | Reached skill level 7 in Axes
  3517 | D:5      | Reached skill level 6 in Armour
  3802 | D:5      | Reached skill level 5 in Dodging
  3802 | D:5      | Reached XP level 8. HP: 53/69 MP: 7/7
  3860 | D:5      | Reached skill level 7 in Armour
  4320 | D:5      | Upgraded the game from 0.20-a0-1024-ge4c44be to 0.20-a0-1039-gf554463
  4347 | D:6      | Found a glowing golden altar of the Shining One.
  4348 | D:6      | Found an ancient bone altar of Kikubaaqudgha.
  4348 | D:6      | Found an iron altar of Okawaru.
  4350 | D:6      | Found a sacrificial altar of Ru.
  4350 | D:6      | Found a hide-covered altar of Uskayaw.
  4377 | D:6      | Found a basalt altar of Yredelemnul.
  4377 | D:6      | Found a deep blue altar of Sif Muna.
  4378 | D:6      | Found an ornate altar of the Wu Jian Council.
  4401 | D:6      | Reached skill level 8 in Axes
  4417 | D:6      | Found a sand-covered staircase.
  4423 | Ossuary  | Entered an ossuary
  4435 | Ossuary  | Reached **** piety under Trog
  4453 | Ossuary  | Reached skill level 6 in Fighting
  4686 | Ossuary  | Reached skill level 8 in Armour
  4832 | Ossuary  | Reached skill level 9 in Axes
  5330 | D:6      | Found a glowing golden altar of the Shining One.
  5337 | D:6      | Found Zatany Zopu's Hallowed Reliquary.
  5339 | D:6      | Noticed an angel
  5355 | D:6      | Bought a potion of heal wounds for 70 gold pieces
  5430 | D:6      | Reached XP level 9. HP: 78/78 MP: 8/8
  6097 | D:6      | Reached skill level 6 in Dodging
  6117 | D:6      | Found a snail-covered altar of Cheibriados.
  6247 | D:7      | Reached skill level 9 in Armour
  6252 | D:7      | Reached skill level 7 in Fighting
  6283 | D:7      | Reached skill level 10 in Axes
  6371 | D:7      | Found a bloodstained altar of Trog.
  6426 | D:7      | Found a staircase to the Ecumenical Temple.
  6561 | D:7      | Found Xeotib's Antique Weapon Emporium.
  6842 | D:7      | Reached ***** piety under Trog
  6975 | D:8      | Noticed Erica
  6983 | D:8      | Killed Erica
  6983 | D:8      | Reached skill level 10 in Armour
  7102 | D:8      | Noticed DoctorBileduct's ghost (novice HaHu)
  7146 | D:8      | Killed DoctorBileduct's ghost
  7146 | D:8      | Reached skill level 11 in Axes
  7146 | D:8      | Reached skill level 7 in Dodging
  7146 | D:8      | Reached XP level 10. HP: 86/88 MP: 9/9
  7628 | D:8      | Found an opulent altar of Gozag.
  7636 | D:8      | Found Gozag's Platinum Reserve.
  7785 | D:8      | Found a burning altar of Makhleb.
  7785 | D:8      | Noticed a green death
  8071 | D:9      | Noticed Joseph
  8072 | D:9      | Noticed wearedevo's ghost (journeyman DsFi)
  8086 | D:9      | Killed wearedevo's ghost
  8086 | D:9      | Reached skill level 8 in Fighting
  8086 | D:9      | Killed Joseph
  8119 | D:9      | Reached skill level 11 in Armour
  8176 | D:9      | Noticed Erolcha
  8187 | D:9      | Killed Erolcha
  8187 | D:9      | Reached skill level 12 in Axes
  8467 | D:9      | Noticed a two-headed ogre
  8475 | D:9      | Killed a two-headed ogre
  8665 | D:9      | Found a staircase to the Lair.
  8666 | D:9      | Noticed a death yak
  8667 | D:9      | Noticed a death yak
  8671 | D:9      | Noticed a death yak
  8688 | D:9      | Killed a death yak
  8688 | D:9      | Reached skill level 8 in Dodging
  8688 | D:9      | Reached XP level 11. HP: 74/95 MP: 10/10
  8692 | D:9      | Killed a death yak
  8701 | D:9      | Killed a death yak
  8701 | D:9      | Reached skill level 9 in Fighting
  8706 | D:9      | Reached skill level 12 in Armour
  8710 | D:9      | Noticed Grum
  8723 | D:9      | Killed Grum
  9011 | D:9      | Noticed Maurice
  9024 | D:9      | Killed Maurice
  9157 | D:10     | Entered Level 10 of the Dungeon
  9214 | D:10     | Noticed a centaur warrior
  9231 | D:10     | Killed a centaur warrior
  9231 | D:10     | Reached skill level 13 in Axes
  9469 | D:10     | Noticed a fire dragon
  9475 | D:10     | Received a gift from Trog
  9479 | D:10     | Noticed a deep elf mage
  9490 | D:10     | Killed a fire dragon
  9490 | D:10     | Killed a deep elf mage
  9490 | D:10     | Reached skill level 9 in Dodging
  9669 | D:10     | Reached skill level 1 in Maces & Flails
  9758 | D:10     | Found a portal to a secret trove of treasure.
  9889 | D:10     | Found a staircase to the Orcish Mines.
 10327 | D:11     | Reached skill level 2 in Maces & Flails
 10374 | D:11     | Reached skill level 13 in Armour
 10374 | D:11     | Reached skill level 1 in Evocations
 10782 | D:11     | Reached XP level 12. HP: 95/106 MP: 10/12
 10842 | D:12     | Reached skill level 10 in Fighting
 10842 | D:12     | Reached skill level 3 in Maces & Flails
 10934 | D:12     | Reached skill level 2 in Evocations
 10977 | D:12     | Reached skill level 4 in Maces & Flails
 11276 | D:12     | Found a sparkling altar of Nemelex Xobeh.
 11278 | D:12     | Noticed a death knight
 11288 | D:12     | Killed a death knight
 11288 | D:12     | Reached skill level 5 in Maces & Flails
 11306 | D:12     | HP: 20/106 [basilisk (13)]
 12008 | D:12     | Received a gift from Trog
 12309 | D:13     | Reached skill level 6 in Maces & Flails
 12309 | D:13     | Reached skill level 3 in Evocations
 12309 | D:13     | HP: 38/160 [ogre/exploding inner flame[the player character] (7)]
 12445 | D:13     | Noticed a centaur warrior
 12449 | D:13     | Killed a centaur warrior
 12458 | D:13     | Noticed a vault guard
 12458 | D:13     | Noticed a vault guard
 12459 | D:13     | Noticed a vault guard
 12460 | D:13     | Noticed a vault guard
 12461 | D:13     | Noticed a vault guard
 12470 | D:13     | HP: 17/107 [vault guard/enchanted broad axe (18)]
 12470 | D:13     | HP: 2/107 [vault guard/vampiric glaive (15)]
 12470 | D:13     | Slain by a vault guard

Vault maps used:
D:1:      ncdulo_wetmaze, minmay_misc_feat_x
D:2:      fedhas_altar_1, first_bread, minmay_door_square, nrook_mini_vaults,
          hangedman_feature_mirror, columned_hall_lemuel, uniq_natasha
D:4:      nicolae_ashenzari_panopticon, uniq_crazy_yiuf_cottage
D:6:      cheibrodos_worm_habitat, grunt_temple_overflow_open,
          nicolae_ossuary_entry_ruins, nicolae_water_bricks, nicolae_good_shop
D:7:      bloody_trog, temple_green, serial_shops, shop, grunt_ogre_cave
D:8:      makhleb_altar_promises_db, minmay_crystal_room,
          minmay_misc_feat_more_columns, minmay_hedge_maze,
          nicolae_gozag_zags_fifth_avenue, uniq_erica
D:9:      dpeg_lair_monsters, uniq_erolcha, uniq_grum, uniq_maurice, uniq_joseph
D:10:     minmay_firetagon, orc_0_dummy, nicolae_trove_entry_crystal,
          minmay_gold_behind_fungi
D:11:     minmay_misc_feat_encased, glass_columns_a, minivault_22
D:12:     nemelex_diamond_rough_becter
D:13:     erik_vaults_2, enter_bailey_3
Ossuary:  ossuary_minmay_scorpions

Skill      XL: |  1  2  3  4  5  6  7  8  9 10 11 12 |
---------------+-------------------------------------+-----
Armour         | 3 4 5 6 8 10 11 13 | 13.5
Axes           | 4 5 6 7 9 11 12 13 | 13.7
Dodging        | 3 4 5 7 8 9 |  9.9
Fighting       | 4 5 6 7 8 9 10 | 10.5
Maces & Flails | 2 6 |  6.2
Evocations     | 1 3 |  3.2

Action                   |  1- 3 |  4- 6 |  7- 9 | 10-12 || total
-------------------------+-------+-------+-------+-------++-------
Melee: Hand axe          |    59 |    25 |       |       ||    84
       Headbutt          |    11 |    20 |    96 |    80 ||   207
       Dagger            |       |    57 |       |       ||    57
       Long sword        |       |    44 |   254 |       ||   298
       War axe           |       |       |    63 |   138 ||   201
       Battleaxe         |       |       |       |    77 ||    77
       Great mace        |       |       |       |   156 ||   156
Invok: Berserk           |       |       |     2 |    10 ||    12
       Trog's Hand       |       |       |       |     1 ||     1
  Use: Scroll            |     4 |     2 |    10 |     7 ||    23
       Potion            |       |       |       |     3 ||     3
  Eat: Chunk             |       |     7 |     6 |    12 ||    25
       Royal jelly       |       |       |     2 |       ||     2
       Meat ration       |       |       |     1 |     2 ||     3
       Fruit             |       |       |       |     9 ||     9
Armor: Animal skin       |     7 |       |       |       ||     7
       Chain mail        |     5 |    62 |   154 |   180 ||   401
Dodge: Dodged            |    33 |    45 |   153 |   257 ||   488
Block: Buckler           |     3 |    15 |    44 |    17 ||    79
       Rpst.: Long sword |       |     5 |    41 |       ||    46

Vault maps used:
D:1:      ncdulo_wetmaze, minmay_misc_feat_x
D:2:      fedhas_altar_1, first_bread, minmay_door_square, nrook_mini_vaults,
          hangedman_feature_mirror, columned_hall_lemuel, uniq_natasha
D:4:      nicolae_ashenzari_panopticon, uniq_crazy_yiuf_cottage
D:6:      cheibrodos_worm_habitat, grunt_temple_overflow_open,
          nicolae_ossuary_entry_ruins, nicolae_water_bricks, nicolae_good_shop
D:7:      bloody_trog, temple_green, serial_shops, shop, grunt_ogre_cave
D:8:      makhleb_altar_promises_db, minmay_crystal_room,
          minmay_misc_feat_more_columns, minmay_hedge_maze,
          nicolae_gozag_zags_fifth_avenue, uniq_erica
D:9:      dpeg_lair_monsters, uniq_erolcha, uniq_grum, uniq_maurice, uniq_joseph
D:10:     minmay_firetagon, orc_0_dummy, nicolae_trove_entry_crystal,
          minmay_gold_behind_fungi
D:11:     minmay_misc_feat_encased, glass_columns_a, minivault_22
D:12:     nemelex_diamond_rough_becter
D:13:     erik_vaults_2, enter_bailey_3
Ossuary:  ossuary_minmay_scorpions

Table legend:
 A = Turns spent in this place as a percentage of turns spent in the entire game.
 B = Non-inter-level travel turns spent in this place as a percentage of non-inter-level travel turns spent in the entire game.
 C = Inter-level travel turns spent in this place as a percentage of turns spent in this place.
 D = Turns resting spent in this place as a percentage of non-inter-level travel turns spent in this place.
 E = Turns spent auto-exploring this place as a percentage of non-inter-level travel turns spent in this place.
 F = Non-inter-level travel turns spent in this place divided by the number of levels of this place that you've seen.
                   A       B       C       D       E      F
               +-------+-------+-------+-------+-------+----------------------
         Total | 100.0 | 100.0 |   0.7 |   4.2 |  15.8 | 163.1
       Dungeon |  93.3 |  93.3 |   0.7 |   4.1 |  16.1 | 163.8
       Ossuary |   6.7 |   6.7 |   0.0 |   5.8 |  11.7 | 154.0
               +-------+-------+-------+-------+-------+----------------------

Table legend:
 A = Kills in this place as a percentage of kills in entire the game.
 B = Kills by you in this place as a percentage of kills by you in the entire game.
 C = Kills by friends in this place as a percentage of kills by friends in the entire game.
 D = Other kills in this place as a percentage of other kills in the entire game.
 E = Experience gained in this place as a percentage of experience gained in the entire game.
 F = Experience gained in this place divided by the number of levels of this place that you have seen.
                   A       B       C       D       E      F
               +-------+-------+-------+-------+-------+----------------------
         Total | 100.0 | 100.0 |  -nan | 100.0 | 100.0 | 2245.4
       Dungeon |  92.5 |  92.7 |  -nan |   0.0 |  97.6 | 2360.9
       Ossuary |   7.5 |   7.3 |  -nan | 100.0 |   2.4 | 743.0
               +-------+-------+-------+-------+-------+----------------------
